 Dungeon Crawl Stone Soup version 0.30-a0-358-g0d69a1922f (webtiles) character file.

Game seed: 13765582258409370168

285735 Gismaildir the Severer (level 19, -5/271 HPs)
             Began as a Minotaur Fighter on Nov 11, 2022.
             Was the Champion of Okawaru.
             Killed by divine providence
             ... invoked by Saint Roka
              (15 damage)
             ... on level 3 of the Vaults.
             The game lasted 01:12:04 (36699 turns).

Gismaildir the Severer (Minotaur Fighter)          Turns: 36699, Time: 01:12:05

Health: -5/271     AC: 40    Str: 32    XL:     19   Next: 81%
Magic:  28/28      EV: 20    Int:  9    God:    Okawaru [******]
Gold:   2858       SH: 27    Dex: 21    Spells: 18/18 levels left

rFire   + + .      SeeInvis +    w - +10 broad axe of Wiymuts {elec, *Slow rPois rC+ Dex+6}
rCold   + + +      Faith    .    v - +5 tower shield of Classification {rPois Dex+2}
rNeg    . . .      Spirit   .    T - +5 storm dragon scales
rPois   +          Reflect  .    u - +2 hood of the Assassin {Detection Stab+ Stlth++}
rElec   +          Harm     .    Y - +2 cloak of the Stone Wall {Dex+4}
rCorr   .          Rampage  ∞    J - +0 pair of gloves of Zyamu {rF+ Will+ SInv}
Will    ++...                    X - +3 pair of seven-league boots {Rampage+∞}
Stlth   ..........               E - amulet of Desertification {RegenMP rC+++ Str+2 Int+4}
HPRegen 0.65/turn                e - +4 ring of protection
MPRegen 0.61/turn                R - +4 ring of slaying

@: berserking, slowed
A: horns 2, retaliatory headbutt, fire resistance 1, sturdy frame 1
}: 2/15 runes: serpentine, barnacled
a: Renounce Religion, Heroism, Finesse, Duel


You were on level 3 of the Vaults.
You worshipped Okawaru.
Okawaru was exalted by your worship.
You visited 7 branches of the dungeon, and saw 34 of its levels.
You also visited: Sewer.

You collected 3983 gold pieces.
You spent 1125 gold pieces at shops.

Inventory:

Hand Weapons
 w - the +10 broad axe of Wiymuts (weapon) {elec, *Slow rPois rC+ Dex+6}
   (Okawaru gifted it to you on level 2 of the Orcish Mines)

   It occasionally discharges a powerful burst of electricity upon striking a
   foe.
   Dex:       It affects your dexterity (+6).
   rC:        It protects you from cold.
   rPois:     It protects you from poison.
   *Slow:     It may slow you when you take damage.
 O - a +0 broad axe of freezing
Missiles
 K - 2 throwing nets (quivered)
Armour
 m - the +1 hat "Faonaw" {Contam rPois rF+ rC+}
   (Okawaru gifted it to you on level 8 of the Dungeon)

   rF:        It protects you from fire.
   rC:        It protects you from cold.
   rPois:     It protects you from poison.
   Contam:    It causes magical contamination when unequipped.
 u - the +2 hood of the Assassin (worn) {Detection Stab+ Stlth++}
   (You found it on level 2 of the Snake Pit)

   It allows the wearer to sense nearby creatures.
   It allows the wearer to make particularly effective stabbing attacks against
   helpless or unaware enemies with any weapon.
   Stlth:     It makes you much more stealthy.
 v - the +5 tower shield of Classification (worn) {rPois Dex+2}
   (Okawaru gifted it to you on level 3 of the Snake Pit)

   Dex:       It affects your dexterity (+2).
   rPois:     It protects you from poison.
 J - the +0 pair of gloves of Zyamu (worn) {rF+ Will+ SInv}
   (You found it on level 11 of the Dungeon)

   rF:        It protects you from fire.
   SInv:      It lets you see invisible.
   Will:      It increases your willpower.
 L - a +2 pair of boots of flying
 N - the +0 pair of gloves of the Demon Prince {rElec rC- rN+++ Str-4 Int+2}
   (Okawaru gifted it to you on level 14 of the Dungeon)

   Str:       It affects your strength (-4).
   Int:       It affects your intelligence (+2).
   rC:        It makes you vulnerable to cold.
   rElec:     It insulates you from electricity.
   rN:        It renders you almost immune to negative energy.
 T - +5 storm dragon scales (worn)
 X - the +3 pair of seven-league boots (worn) {Rampage+∞}
   (You found it on level 4 of the Shoals)

   Its wearer moves as far as possible in that direction when moving towards
   enemies.
 Y - the +2 cloak of the Stone Wall (worn) {Dex+4}
   (Okawaru gifted it to you on level 2 of the Vaults)

   Dex:       It affects your dexterity (+4).
 Z - the +3 pair of mountain boots {steadfast, rC+}
   (Okawaru gifted it to you on level 3 of the Vaults)

   It prevents involuntary movement, except for blinking, teleportation, or
   banishment.
   rC:        It protects you from cold.
Jewellery
 e - a +4 ring of protection (left hand)
 p - a ring of resist corrosion
 B - a +4 ring of protection
 D - a ring of flight
 E - the amulet of Desertification (around neck) {RegenMP rC+++ Str+2 Int+4}
   (You found it in a sewer)

   [amulet of magic regeneration]

   It increases your rate of magic regeneration.
   Str:       It affects your strength (+2).
   Int:       It affects your intelligence (+4).
   rC:        It renders you almost immune to cold.
 R - a +4 ring of slaying (right hand)
Wands
 n - a wand of mindburst (27)
 y - a wand of acid (26)
 G - a wand of iceblast (51)
 Q - a wand of polymorph (3)
Scrolls
 b - 4 scrolls of fear
 c - 5 scrolls of amnesia
 i - 19 scrolls of identify
 k - 5 scrolls of fog
 q - 9 scrolls of teleportation
 t - a scroll of poison
 x - 4 scrolls of magic mapping
 M - 3 scrolls of blinking
 P - 6 scrolls of silence
 U - 2 scrolls of enchant weapon
Potions
 d - 3 potions of might
 g - 4 potions of lignification
 h - 7 potions of brilliance
 j - 3 potions of heal wounds
 l - 3 potions of ambrosia
 o - 4 potions of attraction
 r - 2 potions of flight
 s - 3 potions of resistance
 A - 3 potions of haste
 C - 8 potions of curing
 S - a potion of magic
 W - 3 potions of mutation
Miscellaneous
 V - a condenser vane


   Skills:
 + Level 18.8 Fighting
 + Level 20.9 Axes
 + Level 18.8 Armour
 + Level 17.1 Dodging
 + Level 18.8 Shields
 + Level 13.3 Invocations


You had 18 spell levels left.
You didn't know any spells.
Your spell library contained the following spells:

 Spells                   Type           Power      Damage    Failure   Level
 Freeze                   Ice            0%         1d3       90%         1
 Kiss of Death            Conj/Necr      0%         2d5       90%         1
 Blink                    Tloc           0%         N/A       97%         2
 Momentum Strike          Conj/Tloc      0%         3d8       97%         2
 Scorch                   Fire           0%         2d5       97%         2
 Confusing Touch          Hex            0%         N/A       99%         3
 Frozen Ramparts          Ice            0%         1d1       99%         3
 Hailstorm                Conj/Ice       0%         3d3       99%         3
 Ignite Poison            Fire/Tmut/Pois 0%         N/A       99%         3
 Kindle Blastsparks       Fire/Tloc/Air  0%         2d10      99%         3
 Lesser Beckoning         Tloc           0%         N/A       99%         3
 Ozocubu's Armour         Ice            0%         N/A       99%         3
 Portal Projectile        Hex/Tloc       0%         N/A       99%         3
 Dispel Undead            Necr           0%         3d6       100%        4
 Flame Wave               Conj/Fire      0%         2d4       100%        4
 Fulminant Prism          Conj/Hex       0%         3d5       100%        4
 Iskenderun's Mystic Bla  Conj/Tloc      0%         2d3       100%        4
 Leda's Liquefaction      Hex/Erth       0%         N/A       100%        4
 Sticky Flame             Conj/Fire      0%         2d3       100%        4
 Alistair's Intoxication  Tmut/Pois      0%         N/A       100%        5
 Borgnjor's Vile Clutch   Necr/Erth      0%         N/A       100%        5
 Freezing Cloud           Conj/Ice/Air   0%         6-21      100%        5
 Lee's Rapid Deconstruct  Erth           0%         3d4*      100%        5
 Metabolic Englaciation   Hex/Ice        0%         N/A       100%        5
 Eringya's Noxious Bog    Tmut/Pois      0%         N/A       100%        6
 Statue Form              Tmut/Erth      0%         N/A       100%        6
 Enfeeble                 Hex            0%         N/A       100%        7
 Ozocubu's Refrigeration  Ice            0%         4d7       100%        7
 Ignition                 Fire           0%         3d3       100%        8
 Chain Lightning          Conj/Air       0%         N/A       100%        9
 Fire Storm               Conj/Fire      0%         5d1       100%        9
 Shatter                  Erth           0%         3d5*      100%        9
 Call Canine Familiar     Summ           Unusable   N/A       N/A         3
 Simulacrum               Ice/Necr       Unusable   N/A       N/A         6
 Summon Cactus Giant      Summ           Unusable   N/A       N/A         6
 Haunt                    Necr/Summ      Unusable   N/A       N/A         7
 Summon Hydra             Summ           Unusable   N/A       N/A         7

Dungeon Overview and Level Annotations

Branches:
Dungeon (15/15)            Temple (1/1) D:4            Lair (5/5) D:8
 Shoals (4/4) Lair:2        Snake (4/4) Lair:3        Slime (0/5) Lair:5
    Orc (2/2) D:11            Elf (0/3) Orc:2        Vaults (3/5) D:14
  Crypt (0/3) Vaults:3     Depths (0/4) D:15          Sewer (visited)

Altars:
Ashenzari
Cheibriados
Dithmenos
Elyvilon
Fedhas
Gozag
Hepliaklqana
Kikubaaqudgha
Makhleb
Nemelex Xobeh
Okawaru
Qazlal
Ru
Sif Muna
Trog
Uskayaw
Vehumet
Wu Jian
Xom
Yredelemnul
Zin
The Shining One
Jiyva
Lugonu

Shops:
D:1 [   D:4 *   D:9 !   D:14 *?   Orc:2 :[(?   Shoals:2 *   Snake:3 [[*
Vaults:1 (   Vaults:2 (

Portals:
Abyss: Lair:5

Annotations:
Vaults:3 Saint Roka


Innate Abilities, Weirdness & Mutations

You have a pair of horns on your head.
You reflexively headbutt those who attack you in melee.
Your flesh is heat resistant. (rF+)
Your movements are slightly less encumbered by armour. (ER -2)


Message History

You barely miss Saint Roka. Your headbutt misses Saint Roka.
Saint Roka is severely wounded.
You feel sick. You block Saint Roka's attack.
Unknown command.
You slash Saint Roka!
Saint Roka is severely wounded.
You feel sick. Saint Roka hits you but does no damage.
Saint Roka invokes the aid of Beogh against you.
Beogh smites you!
* * * LOW HITPOINT WARNING * * *
Unknown command.
You slash Saint Roka!
Saint Roka is severely wounded.
You feel sick.
You are no longer poisoned.
Saint Roka hits you but does no damage.
Unknown command.
You hit Saint Roka. You headbutt Saint Roka!
Saint Roka is almost dead.
Saint Roka mumbles some strange prayers to Beogh against you.
Beogh smites you!
* * * LOW HITPOINT WARNING * * *
Unknown command.
You slice Saint Roka!!
Saint Roka is almost dead.
You block Saint Roka's attack.
Unknown command.
You completely miss Saint Roka.
Saint Roka is almost dead.
Saint Roka calls down the wrath of Beogh upon you.
Beogh smites you!
* * * LOW HITPOINT WARNING * * *
Saint Roka mumbles some strange prayers to Beogh against you.
Beogh smites you!
* * * LOW HITPOINT WARNING * * *
A red film seems to cover your vision as you go berserk!
You feel yourself moving faster!
You feel mighty!
Saint Roka calls down the wrath of Beogh upon you.
Beogh smites you!
You die...

#####+# ## ...... .
# #.....#.# .....
#########+#†########
+.......)..†........
#...................
#.).)...............
###@################
+.o)).....#
+...).....#
#.........#
+.........#
#.........#
.#.........#
..#.........#


You could see Saint Roka.

Vanquished Creatures
  Margery (Vaults:3)
  Mlioglotl (Arena)
  The ghost of LetschGu the Brawler, an adept TrFi of Gozag (Snake:4)
  Rupert (Orc:2)
  The ghost of choppaz the Slayer, an adept DjFE of Makhleb (Lair:4)
  Polyphemus (Shoals:3)
  An ancient champion (Vaults:3)
  7 nagarajas (Snake:4)
  6 vault wardens
  Aizul (Shoals:3)
  2 orc warlords (Orc:2)
  6 ironbound preservers
  A stone giant (Vaults:3)
  2 very ugly things (Vaults:3)
  3 ironbound thunderhulks
  A vampire knight (Vaults:3)
  4 dire elephants (Vaults:1)
  An ettin (Vaults:3)
  Josephine (Orc:2)
  12 merfolk impalers
  5 yaktaur captains
  6 merfolk javelineers
  An entropy weaver (Vaults:3)
  A rakshasa (D:13)
  4 salamander tyrants
  7 hydras
  4 alligator snapping turtles (Shoals:4)
  A great orb of eyes (Vaults:2)
  6 anacondas
  10 centaur warriors
  A catoblepas (Shoals:3)
  11 vault guards
  A death knight (D:15)
  2 merfolk avatars
  5 boulder beetles
  4 ironbound frosthearts
  2 ogre magi
  4 satyrs
  9 two-headed ogres
  12 naga warriors
  8 death yaks
  6 merfolk aquamancers
  4 orc high priests
  7 shock serpents
  3 tengu warriors
  14 naga sharpshooters
  3 thrashing horrors (Lair:5)
  Sonja (D:11)
  2 hell knights (Vaults:3)
  A deep elf knight (Orc:2)
  8 salamander mystics
  12 deep trolls
  9 naga ritualists
  Lodul (D:11)
  14 sea snakes
  2 glowing orange brains
  7 skeletal warriors
  8 lindwurms
  A kraken simulacrum (Shoals:4)
  A lindwurm (shapeshifter) (Lair:5)
  20 harpies
  12 ironbound convokers
  6 wizards
  9 necromancers
  17 ugly things
  2 orc knights
  8 deep elf pyromancers
  6 mana vipers
  15 fauns
  2 deep elf zephyrmancers (Orc:2)
  9 cyclopes
  21 manticores
  9 orc sorcerers
  3 oklob plants (Lair:5)
  18 salamanders
  7 merfolk sirens
  Maurice (D:8)
  2 large abominations (Lair:5)
  Joseph (D:8)
  2 guardian serpents
  A smoke demon (Lair:5)
  45 black mambas
  5 water nymphs
  A black mamba (shapeshifter) (Lair:5)
  8 cane toads
  10 vault sentinels
  A torpor snail (Lair:5)
  2 centaur skeletons (D:15)
  19 naga magi
  2 gargoyles (D:13)
  Psyche (D:8)
  A freezing wraith (D:15)
  An unseen horror (D:13)
  A rime drake (Lair:1)
  20 yaktaurs
  33 merfolk
  5 komodo dragons
  12 trolls
  A polar bear (Lair:2)
  3 ancient zymes (Lair:5)
  A hornet (Lair:1)
  4 wind drakes (Shoals:4)
  Grinder (D:4)
  Prince Ribbit (D:7)
  21 slime creatures
  17 blink frogs
  15 dream sheep
  Sigmund (D:2)
  A centaur simulacrum (D:15)
  9 snapping turtles
  10 water elementals
  2 ynoxinuls (Lair:5)
  8 wraiths
  A shadow (D:12)
  3 vampires
  23 yaks
  2 basilisks (shapeshifter)
  11 basilisks
  4 wyverns
  2 chaos spawn (Lair:5)
  3 wargs
  35 nagas
  A naga (shapeshifter) (Lair:5)
  2 acid dragons
  9 water moccasins
  Edmund (D:4)
  49 orc warriors
  7 black bears
  Pargi (D:4)
  3 sky beasts
  3 ice beasts
  17 ogres
  3 boggarts (Vaults:2)
  12 centaurs
  12 wolves
  A phantom (D:7)
  A kobold brigand (D:6)
  11 small abominations (Lair:5)
  13 bullfrogs
  2 necrophages (D:5)
  11 scorpions
  3 wights (D:8)
  A gnoll sergeant (D:9)
  4 killer bees (D:9)
  3 electric eels
  2 vampire bats (Lair:4)
  5 howler monkeys
  A jelly (D:5)
  4 hounds
  Crazy Yiuf (D:3)
  35 orc priests
  7 iguanas
  48 orc wizards
  Natasha (D:4)
  4 polar bear simulacra (Lair:2)
  2 yak simulacra (Lair:2)
  3 wolf simulacra (Lair:2)
  Robin (D:4)
  5 gnolls (D:9)
  9 adders
  2 river rats (D:6)
  4 shadow imps
  A white imp (D:7)
  5 worms
  4 dart slugs
  120 orcs
  8 ball pythons
  4 endoplasms
  9 giant cockroaches
  10 goblins
  9 hobgoblins
  7 jackals
  9 quokkas
  10 bats
  7 frilled lizards
  10 kobolds
  5 rats
  2 river rat simulacra (Lair:2)
  2 plants
1305 creatures vanquished.

Vanquished Creatures (others)
  A wizard (D:7)
  A black mamba (Snake:4)
  A merfolk (Shoals:2)
  A bullfrog (Lair:4)
  An orc wizard (Orc:1)
  2 fungi
  153 plants
  2 tentacles (Shoals:4)
162 creatures vanquished.

Grand Total: 1467 creatures vanquished

Notes
Turn   | Place    | Note
-------+----------+-------------------------------------------
     0 | D:1      | Gismaildir the Minotaur Fighter began the quest for the
                  | Orb.
     0 | D:1      | Reached XP level 1. HP: 19/19 MP: 0/0
   232 | D:1      | Reached XP level 2. HP: 25/27 MP: 1/1
   446 | D:1      | Reached skill level 1 in Dodging
   542 | D:1      | Reached XP level 3. HP: 33/33 MP: 2/2
   543 | D:1      | Found Vuudipn's Antique Armour Shop.
   812 | D:2      | Noticed Sigmund
   824 | D:2      | Killed Sigmund
   825 | D:2      | Reached skill level 3 in Axes
   825 | D:2      | Reached XP level 4. HP: 33/41 MP: 3/3
   825 | D:2      | Reached XP level 5. HP: 38/47 MP: 4/4
  1630 | D:3      | Found a runed translucent door.
  1631 | D:3      | Noticed Crazy Yiuf
  1640 | D:3      | Killed Crazy Yiuf
  1641 | D:3      | Reached skill level 4 in Axes
  1641 | D:3      | Reached XP level 6. HP: 36/55 MP: 5/5
  1749 | D:3      | Found a shadowy altar of Dithmenos.
  2260 | D:4      | Noticed Grinder
  2281 | D:4      | Killed Grinder
  2282 | D:4      | Reached skill level 5 in Fighting
  2282 | D:4      | Reached skill level 5 in Armour
  2282 | D:4      | Reached skill level 5 in Shields
  2401 | D:4      | Reached XP level 7. HP: 60/61 MP: 6/6
  2416 | D:4      | Noticed Edmund
  2427 | D:4      | Killed Edmund
  2604 | D:4      | Found a glowing golden altar of the Shining One.
  2673 | D:4      | Reached skill level 5 in Axes
  2821 | D:4      | Noticed Robin
  2826 | D:4      | Killed Robin
  2998 | D:4      | Noticed Pargi
  3009 | D:4      | Killed Pargi
  3181 | D:4      | Found a staircase to the Ecumenical Temple.
  3188 | Temple   | Entered the Ecumenical Temple
  3232 | Temple   | Became a worshipper of Warmaster Okawaru
  3329 | D:4      | Found Etanacatt's Elemental Accessories.
  3401 | D:4      | Noticed Natasha
  3410 | D:4      | Reached skill level 6 in Axes
  3410 | D:4      | Reached XP level 8. HP: 62/70 MP: 7/7
  3410 | D:4      | Killed Natasha
  3610 | D:5      | Entered Level 5 of the Dungeon
  3640 | D:5      | Found a burning altar of Makhleb.
  4010 | D:5      | Reached skill level 7 in Axes
  4035 | D:5      | Reached * piety under Okawaru
  4036 | D:5      | Reached skill level 5 in Dodging
  4059 | D:5      | Reached skill level 8 in Axes
  4071 | D:5      | Reached XP level 9. HP: 47/79 MP: 8/8
  4080 | D:5      | Reached ** piety under Okawaru
  4624 | D:6      | Found a glowing drain.
  4630 | Sewer    | Entered a sewer
  4750 | Sewer    | Reached skill level 9 in Axes
  4778 | Sewer    | Identified the amulet of Desertification {RegenMP rC+++
                  | Str+2 Int+4}
  5490 | D:7      | Identified the +11 rapier "Moiff" {drain, rCorr}
  5515 | D:7      | You are sucked into a shaft and drop 1 floor!
  5535 | D:8      | Noticed Joseph
  5536 | D:8      | Noticed a two-headed ogre
  5536 | D:8      | Noticed Psyche
  5543 | D:8      | Killed a two-headed ogre
  5543 | D:8      | Reached *** piety under Okawaru
  5543 | D:8      | Killed Joseph
  5544 | D:8      | Reached skill level 10 in Axes
  5544 | D:8      | Reached XP level 10. HP: 56/90 MP: 9/9
  5546 | D:8      | Killed Psyche
  5821 | D:7      | Reached **** piety under Okawaru
  5883 | D:7      | Identified the +11 dagger of Joyful Slaughter {vorpal,
                  | +Blink}
  5968 | D:7      | Gained mutation: Potions are less effective at restoring
                  | your health. [potion of mutation]
  5968 | D:7      | Gained mutation: Armour fits poorly on your strangely
                  | shaped body. [potion of mutation]
  5968 | D:7      | Gained mutation: Your spells are a little easier to cast,
                  | but a little less powerful. [potion of mutation]
  5968 | D:7      | Gained mutation: Your mind is acute. (Int +4, Str/Dex -1)
                  | [potion of mutation]
  5994 | D:7      | Noticed a white ugly thing
  6012 | D:7      | Killed a white ugly thing
  6013 | D:7      | Reached skill level 11 in Axes
  6388 | D:7      | Lost mutation: Armour fits poorly on your strangely shaped
                  | body. [potion of mutation]
  6388 | D:7      | Lost mutation: Your mind is acute. (Int +4, Str/Dex -1)
                  | [potion of mutation]
  6388 | D:7      | Gained mutation: You are clumsy. (Dex -2) [potion of
                  | mutation]
  6741 | D:7      | Found a bloodstained altar of Trog.
  6743 | D:7      | Noticed a wizard
  6748 | D:7      | Killed a wizard
  6795 | D:7      | Noticed Prince Ribbit
  6800 | D:7      | Killed Prince Ribbit
  6801 | D:7      | Reached skill level 12 in Axes
  6818 | D:7      | Found a shimmering altar of Xom.
  7011 | D:8      | Found a snail-covered altar of Cheibriados.
  7040 | D:8      | Noticed Maurice
  7054 | D:8      | Killed Maurice
  7054 | D:8      | Reached ***** piety under Okawaru
  7208 | D:8      | Reached XP level 11. HP: 90/99 MP: 10/10
  7213 | D:8      | Identified the +1 hat "Faonaw" {Contam rPois rF+ rC+}
                  | (Okawaru gifted it to you on level 8 of the Dungeon)
  7213 | D:8      | Received a gift from Okawaru
  7214 | D:8      | Reached skill level 10 in Armour
  7263 | D:8      | Found a hide-covered altar of Uskayaw.
  7315 | D:8      | Found a staircase to the Lair.
  7398 | D:9      | Found a radiant altar of Vehumet.
  7407 | D:9      | Noticed a two-headed ogre
  7412 | D:9      | Killed a two-headed ogre
  7413 | D:9      | Reached skill level 10 in Fighting
  7413 | D:9      | Reached skill level 10 in Shields
  7447 | D:9      | Found an opulent altar of Gozag.
  7529 | D:9      | Noticed a two-headed ogre
  7535 | D:9      | Killed a two-headed ogre
  7662 | D:9      | Reached skill level 13 in Axes
  7944 | D:9      | Found Qetig's Distillery.
  7952 | D:9      | Bought a potion of berserk rage for 65 gold pieces
  7952 | D:9      | Bought a potion of heal wounds for 65 gold pieces
  7952 | D:9      | Bought a potion of heal wounds for 65 gold pieces
  7952 | D:9      | Bought a potion of heal wounds for 65 gold pieces
  8058 | D:10     | Entered Level 10 of the Dungeon
  9055 | D:11     | Noticed Sonja
  9057 | D:11     | Noticed Lodul
  9067 | D:11     | Killed Lodul
  9075 | D:11     | Killed Sonja
  9376 | D:11     | Noticed a purple ugly thing
  9389 | D:11     | Killed a purple ugly thing
  9467 | D:11     | Reached skill level 14 in Axes
  9527 | D:11     | Found a staircase to the Orcish Mines.
  9570 | D:11     | Noticed an ogre mage
  9573 | D:11     | Found a transporter.
  9838 | D:11     | Found a hazy altar of Hepliaklqana.
  9839 | D:11     | Lost mutation: Your spells are a little easier to cast, but
                  | a little less powerful. [potion of mutation]
  9839 | D:11     | Lost mutation: Potions are less effective at restoring your
                  | health. [potion of mutation]
  9839 | D:11     | Lost mutation: You are clumsy. (Dex -2) [potion of
                  | mutation]
  9839 | D:11     | Gained mutation: Your movements are slightly less
                  | encumbered by armour. (ER -2) [potion of mutation]
  9839 | D:11     | Gained mutation: Your flesh is heat resistant. (rF+)
                  | [potion of mutation]
 10001 | D:11     | Identified the amulet "Egelonaq" {Reflect rElec rF+ SH+5}
 10002 | D:11     | Found a transporter.
 10061 | D:11     | Received a gift from Okawaru
 10068 | D:11     | Killed an ogre mage
 10069 | D:11     | Reached XP level 12. HP: 69/110 MP: 11/11
 10109 | D:11     | Identified the +0 pair of gloves of Zyamu {rF+ Will+ SInv}
 10759 | D:12     | Reached skill level 1 in Invocations
 10769 | D:12     | Noticed a boulder beetle
 10777 | D:12     | Killed a boulder beetle
 11283 | D:13     | Reached skill level 10 in Dodging
 11302 | D:13     | Noticed a tengu warrior
 11302 | D:13     | Noticed a tengu warrior
 11313 | D:13     | Killed a tengu warrior
 11317 | D:13     | Killed a tengu warrior
 11317 | D:13     | Reached ****** piety under Okawaru
 11318 | D:13     | Reached skill level 15 in Axes
 11376 | D:13     | Received a gift from Okawaru
 11467 | D:13     | Identified the +9 long sword of Kisept {flame, Will- rCorr
                  | Str+6}
 11485 | D:13     | Noticed a rakshasa
 11502 | D:13     | Killed a rakshasa
 11862 | D:13     | Noticed a four-headed hydra
 11862 | D:13     | Noticed a boulder beetle
 11875 | D:13     | Killed a ten-headed hydra
 11889 | D:13     | Killed a boulder beetle
 11934 | D:13     | Noticed a centaur warrior
 12010 | D:13     | Killed a centaur warrior
 12429 | D:14     | Noticed a centaur warrior
 12432 | D:14     | Killed a centaur warrior
 12439 | D:14     | Reached XP level 13. HP: 90/118 MP: 14/14
 12550 | D:14     | Found Nicraaps's Magic Scroll Shoppe.
 12555 | D:14     | Bought a scroll of identify for 30 gold pieces
 12555 | D:14     | Bought a scroll of teleportation for 45 gold pieces
 12555 | D:14     | Bought a scroll of enchant weapon for 112 gold pieces
 12555 | D:14     | Bought a scroll of blinking for 112 gold pieces
 12555 | D:14     | Bought a scroll of identify for 30 gold pieces
 12584 | D:14     | Found Lanann's Mayhem Merchandise.
 12698 | D:14     | Found a gate to the Vaults.
 12708 | D:14     | Identified the +0 pair of gloves of the Demon Prince {rElec
                  | rC- rN+++ Str-4 Int+2} (Okawaru gifted it to you on level
                  | 14 of the Dungeon)
 12708 | D:14     | Received a gift from Okawaru
 13239 | D:14     | Found a sparkling altar of Nemelex Xobeh.
 13259 | D:14     | Reached skill level 5 in Invocations
 13810 | Lair:1   | Entered Level 1 of the Lair of Beasts
 14062 | Lair:1   | Reached skill level 16 in Axes
 14148 | Lair:1   | Received a gift from Okawaru
 14622 | Lair:2   | Found a staircase to the Shoals.
 15540 | Lair:3   | Found a staircase to the Snake Pit.
 16559 | Lair:4   | Identified the +1 robe of the Echidna {+Inv rC- SInv
                  | Stlth+}
 16653 | Lair:4   | Found a runed translucent gate.
 16654 | Lair:4   | Found a runed translucent gate.
 16655 | Lair:4   | Found a runed translucent gate.
 16655 | Lair:4   | Noticed choppaz's ghost (adept DjFE)
 16703 | Lair:4   | Received a gift from Okawaru
 16923 | Lair:4   | Received a gift from Okawaru
 16924 | Lair:4   | Reached XP level 14. HP: 103/129 MP: 17/17
 17201 | Lair:4   | Killed choppaz's ghost
 17325 | Lair:5   | Entered Level 5 of the Lair of Beasts
 17658 | Lair:5   | Received a gift from Okawaru
 18315 | Lair:5   | Identified the +7 crystal plate armour of the Ward {Harm
                  | Str-3 Int+5} (Okawaru gifted it to you on level 5 of the
                  | Lair of Beasts)
 18315 | Lair:5   | Received a gift from Okawaru
 18322 | Lair:5   | Found a corrupted altar of Lugonu.
 18322 | Lair:5   | Found a one-way gate to the infinite horrors of the Abyss.
 18332 | Lair:5   | Got Dar Dez's Testament of the Deep Elf Lorekeeper
 18743 | Lair:5   | Found a staircase to the Slime Pits.
 18744 | Lair:5   | Found a viscous altar of Jiyva.
 18763 | Lair:5   | HP: 3/132 [oklob plant/splash of acid (23)]
 18767 | Lair:5   | HP: 1/132 [oklob plant (5)]
 19463 | Orc:1    | Entered Level 1 of the Orcish Mines
 19483 | Orc:1    | Reached skill level 17 in Axes
 19841 | Orc:2    | Entered Level 2 of the Orcish Mines
 19841 | Orc:2    | Found a staircase to the Elven Halls.
 19946 | Orc:2    | Noticed an orc warlord
 19958 | Orc:2    | Killed an orc warlord
 19980 | Orc:2    | Reached XP level 15. HP: 71/139 MP: 19/19
 20211 | Orc:2    | Identified the +6 scimitar "Ickam" {antimagic, *Corrode
                  | Will+ Stlth+}
 20750 | Orc:2    | Noticed Rupert
 20790 | Orc:2    | Killed Rupert
 20837 | Orc:2    | Identified the +10 broad axe of Wiymuts {elec, *Slow rPois
                  | rC+ Dex+6} (Okawaru gifted it to you on level 2 of the
                  | Orcish Mines)
 20837 | Orc:2    | Received a gift from Okawaru
 20878 | Orc:2    | Found Iggi's Antique Weapon Shop.
 20881 | Orc:2    | Found Zyuffo's Antique Armour Boutique.
 20900 | Orc:2    | Bought a pair of fine boots for 304 gold pieces
 20900 | Orc:2    | Identified the -1 pair of boots of Broken Taboos {Fly} (You
                  | bought it in a shop on level 2 of the Orcish Mines)
 20941 | Orc:2    | Noticed Josephine
 20950 | Orc:2    | Killed Josephine
 20981 | Orc:2    | Found Lifrij's Book Emporium.
 21280 | Orc:2    | Found Eliug's Magic Scroll Shoppe.
 21291 | Orc:2    | Bought a scroll of teleportation for 48 gold pieces
 21291 | Orc:2    | Bought a scroll of fear for 64 gold pieces
 21580 | D:15     | Entered Level 15 of the Dungeon
 21714 | D:15     | Received a gift from Okawaru
 21813 | D:15     | Found a staircase to the Depths.
 22007 | D:15     | Reached skill level 15 in Shields
 22009 | D:15     | Reached skill level 15 in Armour
 22010 | D:15     | Reached skill level 15 in Fighting
 22323 | D:15     | Found a bloodstained altar of Trog.
 22353 | D:15     | Identified the +8 quarterstaff "Qaigob" {spect, Fly Int+4
                  | Dex-4}
 22655 | Snake:1  | Entered Level 1 of the Snake Pit
 23037 | Snake:1  | You fall into a shaft and drop 1 floor!
 23049 | Snake:2  | Reached XP level 16. HP: 127/149 MP: 15/21
 23049 | Snake:2  | Received a gift from Okawaru
 23051 | Snake:2  | Reached skill level 18 in Axes
 23902 | Snake:2  | Found the +2 hood of the Assassin {Detection Stab+ Stlth++}
 24388 | Snake:3  | Identified the +1 leather armour "Gusos" {rN+}
 24402 | Snake:3  | Identified the +5 tower shield of Classification {rPois
                  | Dex+2} (Okawaru gifted it to you on level 3 of the Snake
                  | Pit)
 24402 | Snake:3  | Received a gift from Okawaru
 24686 | Snake:3  | Reached skill level 10 in Invocations
 24835 | Snake:3  | Found Buhinkue's Armour Emporium.
 24973 | Snake:3  | Found Gerphai's Antique Armour Shoppe.
 24976 | Snake:3  | Found Foitu's General Store.
 25450 | Snake:4  | Entered Level 4 of the Snake Pit
 25454 | Snake:4  | Received a gift from Okawaru
 25766 | Snake:4  | Found a runed translucent gate.
 25766 | Snake:4  | Found a runed translucent gate.
 25766 | Snake:4  | Found a runed translucent gate.
 25912 | Snake:4  | Identified the amulet "Yvvikyism" {Spirit rC+}
 25915 | Snake:4  | Noticed LetschGu's ghost (adept TrFi)
 25943 | Snake:4  | Reached XP level 17. HP: 73/158 MP: 23/23
 25947 | Snake:4  | Killed LetschGu's ghost
 26625 | Snake:4  | Identified the +10 hand axe "Tebapoc" {freeze, rF- rCorr
                  | Str+7 Stlth+} (Okawaru gifted it to you on level 4 of the
                  | Snake Pit)
 26625 | Snake:4  | Received a gift from Okawaru
 26637 | Snake:4  | HP: 7/159 [nagaraja/+0 halberd (35)]
 26637 | Snake:4  | HP: 3/159 [constriction (4)]
 27000 | Snake:4  | Reached skill level 19 in Axes
 27110 | Snake:4  | Identified the +10 whip of Syer {venom, *Rage Str+6}
                  | (Okawaru gifted it to you on level 4 of the Snake Pit)
 27110 | Snake:4  | Received a gift from Okawaru
 27111 | Snake:4  | Reached skill level 15 in Dodging
 27119 | Snake:4  | Got a serpentine rune of Zot
 27549 | Shoals:1 | Entered Level 1 of the Shoals
 29187 | Shoals:2 | Identified the +0 robe "Tabudgho" {Drain rC+ Will+
                  | Archmagi} (Okawaru gifted it to you on level 2 of the
                  | Shoals)
 29187 | Shoals:2 | Received a gift from Okawaru
 29200 | Shoals:2 | Identified the +5 ring mail of Makhleb's Respect {*Corrode
                  | rElec rN++ SInv}
 29367 | Shoals:2 | Found Qaopowk's General Store.
 29426 | Shoals:2 | Bought a potion of ambrosia for 120 gold pieces
 29753 | Shoals:3 | Noticed Aizul
 29760 | Shoals:3 | Killed Aizul
 29770 | Shoals:3 | Noticed Polyphemus
 30268 | Shoals:3 | Noticed Mlioglotl
 30285 | Arena    | Entered the Arena
 30288 | Arena    | Killed Mlioglotl
 30315 | Shoals:4 | Entered Level 4 of the Shoals
 30357 | Shoals:3 | HP: 6/161 [sea snake (15)]
 30679 | Shoals:3 | Reached XP level 18. HP: 114/170 MP: 25/25
 30871 | Shoals:3 | Killed Polyphemus
 31697 | Shoals:4 | Identified the ring "Yvufyb" {rPois rF- rC+ MP+9 Dex+4}
 32159 | Shoals:4 | Received a gift from Okawaru
 32313 | Shoals:4 | Got a barnacled rune of Zot
 32397 | Shoals:4 | Found the +3 pair of seven-league boots {Rampage+∞}
 32727 | Shoals:4 | Reached skill level 20 in Axes
 32748 | Shoals:4 | Identified the amulet of Cuulehugg {*Corrode Regen+ Int+4}
 33332 | Vaults:1 | Entered Level 1 of the Vaults
 33408 | Vaults:1 | Received a gift from Okawaru
 33848 | Vaults:1 | Found Kifogy Jyjo's Weapon Shoppe.
 34362 | Vaults:1 | Reached XP level 19. HP: 179/179 MP: 27/27
 34652 | Vaults:2 | Identified the +2 cloak of the Stone Wall {Dex+4} (Okawaru
                  | gifted it to you on level 2 of the Vaults)
 34652 | Vaults:2 | Received a gift from Okawaru
 35034 | Vaults:2 | Found Eregao Tufih's Antique Weapon Boutique.
 35643 | Vaults:3 | Noticed Margery
 35661 | Vaults:3 | Killed Margery
 35863 | Vaults:3 | Received a gift from Okawaru
 35863 | Vaults:3 | Found the +3 pair of mountain boots {steadfast, rC+}
 35905 | Vaults:3 | Paralysed by a vampire knight for 2 turns
 36558 | Vaults:3 | Found a staircase to the Crypt.
 36656 | Vaults:3 | Noticed Saint Roka
 36698 | Vaults:3 | HP: 6/181 [Saint Roka/divine providence (7)]
 36699 | Vaults:3 | Killed from afar by Saint Roka

Illustrated notes

Levels and vault maps discovered:
D:1:      nzn_arrival_water_spiral, layout_basic, serial_shops,
          nicolae_shop_trees
D:2:      layout_basic, uniq_sigmund
D:3:      layout_rooms, amcnicky_altar_gilded, corexii_item_surrounded_by_moat,
          minmay_misc_feat_doors, kennysheep_generic_room_12,
          uniq_crazy_yiuf_cottage
D:4:      layout_basic, nicolae_overflow_hidden_temple,
          minmay_temple_entry_metal_lava, roderic_lattice_a,
          nicolae_elemental_shop, minmay_manual_macuahuitl, uniq_natasha,
          uniq_grinder, uniq_robin, uniq_pargi, uniq_edmund
D:5:      layout_basic, mainiacjoe_overflow_catwalk, minmay_joined_circles
D:6:      layout_loops_cross, gup_sewer_entry_spiral
D:7:      wad_guarded_room, layout_loops_ring, trog_wizard,
          mainiacjoe_overflow_brackets, due_unseen_surprise, uniq_prince_ribbit1
D:8:      layout_rooms, mainiacjoe_overflow_alcove_1, overflow_temple_1_default,
          david_lair_shrubbed, uniq_maurice, uniq_joseph, uniq_psyche
D:9:      layout_big_octagon, lemuel_crystal_altar,
          mainiacjoe_overflow_chevrons, serial_shops, shop_fountains
D:10:     layout_basic
D:11:     gammafunk_beogh_shrine, layout_loops_ring, david_orc_4,
          nzn_hepliaklqana_mist_gate, uniq_sonja, uniq_lodul
D:12:     layout_loops_corners
D:13:     layout_gridville, kennysheep_opposing_triangles
D:14:     layout_gridville, erik_vaults_2, nemelex_spade_bored_becter,
          serial_shops, shop, minmay_shop_mayhem
D:15:     grunt_enter_depths_magical_seal, layout_basic, tgw_trog
Temple:   nicolae_temple_god_jail
Lair:1:   layout_chaotic_city, st_stairs_3
Lair:2:   layout_regular_city, elwin_shoals_entry_rocks, eino_house_with_fridge
Lair:3:   layout_cellular_growth, guppyfry_snake_entry_garden,
          cheibrodos_lair_caveside_slide
Lair:4:   layout_cave_pods, gammafunk_ghost_split, roderic_batcave
Lair:5:   hellmonk_lair_end_abyssal_woods, layout_big_grid,
          minmay_slime_entry_oklob_open, chequers_serial_rivers_room_a,
          grunt_megastairs_3, infiniplex_staircase_pool
Shoals:1: layout_shoals, overgrown_statue
Shoals:2: layout_shoals, nicolae_shoals_c_island
Shoals:3: layout_shoals, nicolae_shoals_lost_giant_hut,
          nicolae_shoals_pincushion_passage, uniq_polyphemus, uniq_mlioglotl,
          uniq_aizul
Shoals:4: shoals_end_grunt_ice, layout_shoals
Snake:1:  layout_misc_corridors, drop_trap, serial_bayou_crossing
Snake:2:  layout_grid_shapes
Snake:3:  layout_rooms, serial_bayou_shore_a, minmay_shop_star
Snake:4:  snake_pit, layout_chambers, gammafunk_ghost_split, st_stairs_5
Orc:1:    layout_diamond_mine
Orc:2:    grunt_orc_community_town_hall, layout_caves,
          grunt_orc_community_big_house_1, grunt_orc_community_big_house_2,
          grunt_orc_community_house_3, grunt_orc_community_house_1,
          grunt_orc_community_house_2, grunt_orc_community_house_2,
          grunt_orc_community_house_1, library_closet, elf_legates,
          uniq_josephine, uniq_rupert
Vaults:1: v_pattern_5, vaults_room_door_ring, nicolae_vaults_shelves_hall,
          nicolae_vaults_three_branches, nicolae_vaults_little_squares_6,
          layout_vaults_omnigrid, serial_shops, nicolae_shop_advertising_works
          [nicolae_subvault_shop_adworks]
Vaults:2: v_misc_13, vaults_room_semicircle, vaults_room_stairs_pillars,
          grunt_vaults_twisty, vaults_mumra_hex, nicolae_vaults_network_star,
          nicolae_vaults_border_crossing, v_misc_26, v_misc_8, v_misc_3,
          vaults_room_ringed_pool, nicolae_vaults_shelves_hall,
          vaults_mumra_lcd, nicolae_vaults_theta, layout_vaults_maze_bifur,
          serial_shops, nicolae_lakefront_shop
Vaults:3: vaults_mumra_minichess, minmay_crypt_entry_simple_sparse,
          v_alt_pattern_1, hangedman_vaults_hat, dpeg_vaults_monster_row,
          nicolae_vaults_sealed_display, ontoclasm_vaults_ring_square,
          nicolae_vaults_shelves_hall, v_pattern_2, ontoclasm_vaults_gateway,
          vaults_room_pools, vaults_room_corners, layout_vaults_omnicross,
          uniq_saint_roka, uniq_margery

Skill      XL: |  1  2  3  4  5  6  7  8  9 10 11 12 13 14 15 16 17 18 19 |
---------------+----------------------------------------------------------+-----
Dodging        | 1 2 3 4 5 6 8 9 10 11 12 13 14 15 16 17 | 17.1
Fighting       | 4 5 6 7 8 9 11 12 13 14 15 16 17 18 | 18.8
Armour         | 4 5 6 7 8 9 11 12 13 14 15 16 17 18 | 18.8
Shields        | 4 5 6 7 8 9 11 12 13 14 15 16 17 18 | 18.8
Axes           | 3 4 6 8 10 12 14 15 16 17 18 19 20 | 20.9
Invocations    | 3 6 7 9 10 11 12 13 | 13.3

Action                   |  1- 3 |  4- 6 |  7- 9 | 10-12 | 13-15 | 16-18 | 19-21 || total
-------------------------+-------+-------+-------+-------+-------+-------+-------++-------
Melee: War axe           |    48 |    74 |   309 |   404 |   541 |       |       ||  1376
       Headbutt          |     6 |    11 |    55 |    76 |   180 |   299 |    93 ||   720
       Broad axe         |       |       |       |       |   219 |  1072 |   315 ||  1606
Invok: Finesse           |       |       |       |     1 |     1 |     1 |       ||     3
       Heroism           |       |       |       |       |     1 |       |       ||     1
       Duel              |       |       |       |       |       |     1 |       ||     1
Evoke: Wand              |       |       |       |     3 |       |       |       ||     3
  Use: Scroll            |       |       |    20 |    11 |     7 |    13 |       ||    51
       Potion            |       |       |       |     5 |     6 |    12 |     1 ||    24
 Stab: Distracted        |       |       |       |     2 |     6 |     2 |       ||    10
       Invisible         |       |       |       |       |     4 |       |       ||     4
       Confused          |       |       |       |       |     3 |       |       ||     3
       Sleeping          |       |       |       |       |       |     1 |     2 ||     3
Armor: Scale mail        |    20 |    38 |     2 |       |       |       |       ||    60
       Chain mail        |       |       |   185 |   188 |   165 |       |       ||   538
       Storm dragon scal |       |       |       |       |   123 |   298 |    48 ||   469
Dodge: Dodged            |    22 |    44 |   146 |   135 |   232 |   347 |    85 ||  1011
Block: Buckler           |    13 |    19 |    66 |    54 |       |       |       ||   152
       Kite shield       |       |       |       |    58 |   442 |    84 |       ||   584
       Tower shield      |       |       |       |       |       |  1112 |   289 ||  1401

Table legend: (Time is in decaauts)
 A = Elapsed time spent in this place.
 B = Non-inter-level travel time spent in this place.
 C = Inter-level travel time spent in this place.
 D = Time resting spent in this place.
 E = Time spent auto-exploring this place.
 F = Levels seen in this place.
 G = Mean time per level.
                   A        B        C        D        E       F      G
               +--------+--------+--------+--------+--------+-----+--------+
         Total |  36441 |  34248 |   2193 |    613 |  27029 |  36 | 1012.2 |
       Dungeon |  15060 |  13797 |   1263 |     97 |  11049 |  15 | 1004.0 |
        Temple |     57 |     44 |     13 |      0 |     28 |   1 |   57.0 |
          Lair |   5656 |   5263 |    393 |     82 |   4473 |   5 | 1131.2 |
        Shoals |   5457 |   5190 |    267 |    297 |   3852 |   4 | 1364.2 |
     Snake Pit |   4742 |   4630 |    112 |    118 |   3557 |   4 | 1185.5 |
  Orcish Mines |   1919 |   1813 |    106 |      8 |   1364 |   2 |  959.5 |
        Vaults |   3300 |   3263 |     37 |      0 |   2627 |   3 | 1100.0 |
         Sewer |    226 |    226 |      0 |      0 |     78 |   1 |  226.0 |
         Arena |     19 |     19 |      0 |     11 |      0 |   1 |   19.0 |
               +--------+--------+--------+--------+--------+-----+--------+

Top non-repeatable levels by time:
  Lair:5: 1871 daAuts
Shoals:3: 1792 daAuts
    D:11: 1672 daAuts
 Snake:4: 1656 daAuts
Shoals:4: 1506 daAuts
     D:4: 1469 daAuts
 Snake:3: 1324 daAuts
    D:14: 1318 daAuts
    D:13: 1286 daAuts
     D:7: 1240 daAuts
Shoals:2: 1219 daAuts
Vaults:1: 1202 daAuts
Vaults:3: 1139 daAuts
  Lair:3: 1125 daAuts
   Orc:2: 1098 daAuts
